 Dungeon Crawl Stone Soup version 0.02-32-ge3bdf778cf (webtiles) character file.

Game seed: 12760202960937037067, levelgen mode: deterministic

210 minicreteconcrete the Chopper (level 5, 0/44 HPs) Hill Orc Demonspawn. Began on Sept 3, 2020. Splashed by a jelly's acid (5 damage) ... on level 2 of the Dungeon. The game lasted 00:11:00 (1656 turns).

minicreteconcrete the Chopper (Hill Orc Demonspawn) Turns: 1656, Time: 00:11:01

Health: 0/44       AC:  4    Str: 18    XL:     5 ^: 19
Magic:  7/7        EV: 13    Int: 17    God:
Gold:   78         SH:  0    Dex: 10    Spells: 6/7 levels left

rFire    . . .     Vision   .   a - +0 war axe
rCold    . . .     Gourm    .   (no weapon)
rNeg     . . .     Faith    .   f - +0 chain mail
rPois    .         Spirit   .   (no helmet)
rElec    .         Reflect  .   (no cloak)
rCorr    .         Harm     .   (no gloves)
MR       .....                  (no boots)
Stlth    ..........             (no amulet)
HPRegen  0.24/turn              l - ring of intelligence
MPRegen  0.17/turn              (no ring)

@: corroded
A: claws 1, repulsion field 2
a: no special abilities


You were on level 2 of the Dungeon.
You were not hungry.

You visited 1 branch of the dungeon, and saw 2 of its levels.

You collected 78 gold pieces.

Inventory:

Weapons
 a - a +0 war axe (weapon)
 e - a +0 hunting sling
Armour
 b - a +0 leather armour
 f - a +0 chain mail (worn)
Jewellery
 l - a ring of intelligence (left claw)
Scrolls
 g - a scroll of magic mapping
 h - 2 scrolls of immolation
 i - a scroll of blinking
Potions
 m - a potion of brilliance
Comestibles
 d - 4 rations


   Skills:
 + Level 2.9 Fighting
   Level 0.3 Short Blades
 + Level 5.3 Axes & Hammers
 + Level 1.7 Armour
 + Level 2.9 Dodging
 + Level 1.6 Stealth
 + Level 0.2 Unarmed Combat
 + Level 1.9 Spellcasting
   Level 3.6 Invocations


You had 6 spell levels left.
You knew the following spells:

 Your Spells              Type           Power        Failure   Level  Hunger
a - Flame Tongue          Fire           1 (40)       58%         1    #......

Your spell library contained the following spells:

 Spells                   Type           Power        Failure   Level  Hunger
 Blink                    Tloc           N/A          75%         2    ###....
 Call Imp                 Summ           1 (100)      75%         2    ###....
 Slow                     Hex            1 (100)      75%         2    ###....
 Conjure Flame            Fire           1 (100)      92%         3    ###....
 Mephitic Cloud           Pois/Air       1 (100)      92%         3    ###....


Dungeon Overview and Level Annotations

Branches:
Dungeon (2/8)

Altars:


Innate Abilities, Weirdness & Mutations

You have sharp fingernails. (+2 Unarmed)
You are surrounded by a moderate repulsion field. (EV +3)


Message History

You hit the jelly (1).
Your claws burn!
The jelly is moderately wounded. (29/41) HP The jelly closely misses you (0).
You hit the jelly (2).
Your claws burn!
* * * LOW HITPOINT WARNING * * *
The jelly is moderately wounded. (27/41) HP You hit the jelly (1).
Your claws burn!
* * * LOW HITPOINT WARNING * * *
The jelly is moderately wounded. (26/41) HP The jelly hits you but does no damage.
The jelly barely misses you (0). The jelly blocks your attack.
You hit the jelly but do no damage.
Your claws burn!
* * * LOW HITPOINT WARNING * * *
The jelly is moderately wounded. (26/41) HP The jelly misses you (0).
You hit the jelly (4).
Your claws burn!
* * * LOW HITPOINT WARNING * * *
The jelly is heavily wounded. (22/41) HP You hit the jelly but do no damage.
Your claws burn!
You die...

#≈... ... #≈...
...# #....#
.≈≈#
#≈...≈##≈..#
#.≈.#≈#...
###...≈≈≈
##≈....J# #≈≈.
#.@###
#...##.≈..##
#....#≈.≈.##
≈.###≈..#.#..≈#
≈.####≈.#≈.≈.##
..≈ ##††##.≈#
##..##P##.≈#.##
#.≈##.P.#..#.≈#
#.≈#....#.≈#..#


You could see a jelly.

Vanquished Creatures
  A jelly (D:2)
  12 sewer rats (D:2)
  6 cinder newts
  2 oozes (D:2)
  2 dart slugs (D:1)
  An adder skeleton (D:2)
  2 ball pythons
  4 bats (D:1)
  A giant cockroach (D:1)
  3 hobgoblins (D:1)
  A goblin (D:1)
  A rat (D:1)
36 creatures vanquished.

Vanquished Creatures (others)
  A slimehead (D:2)
  56 withered plants (D:2)
57 creatures vanquished.

Grand Total: 93 creatures vanquished

Notes
Turn   | Place    | Note
-------+----------+-------------------------------------------
     0 | D:1      | minicreteconcrete the Hill Orc Demonspawn began the quest
                  | for the Orb.
     0 | D:1      | Reached XP level 1. HP: 18/18 MP: 3/3
   114 | D:1      | Reached skill level 3 in Axes & Hammers
   126 | D:1      | Gained mutation: You are surrounded by a mild repulsion
                  | field. (EV +2) [demonic ancestry]
   126 | D:1      | Reached XP level 2. HP: 22/25 MP: 4/4
   320 | D:1      | Gained mutation: You have sharp fingernails. (+2 Unarmed)
                  | [demonic ancestry]
   320 | D:1      | Reached XP level 3. HP: 16/30 MP: 5/5
  1262 | D:2      | Reached skill level 4 in Axes & Hammers
  1262 | D:2      | Reached XP level 4. HP: 9/37 MP: 6/6
  1402 | D:2      | Reached skill level 1 in Armour
  1419 | D:2      | Gained mutation: You are surrounded by a moderate repulsion
                  | field. (EV +3) [demonic ancestry]
  1419 | D:2      | Reached XP level 5. HP: 11/42 MP: 7/7
  1461 | D:2      | Reached skill level 5 in Axes & Hammers
  1656 | D:2      | Splashed by a jelly's acid

Levels and vault maps discovered:
D:1:      saegor_arrival_simple_a, layout_basic
D:2:      corexii_shantytown, layout_sewer, first_ration

Skill      XL: |  1  2  3  4  5 |
---------------+----------------+-----
Axes & Hammers | 3 4 5 |  5.3
Armour         | 1 |  1.7
Fighting       | |  2.9
Short Blades   | |  0.3
Dodging        | |  2.9
Stealth        | |  1.6
Unarmed Combat | |  0.2
Spellcasting   | |  1.9
Invocations    | |  3.6

Action                   |  1- 3 |  4- 6 || total
-------------------------+-------+-------++-------
Melee: War axe           |    66 |    92 ||   158
       Unarmed           |    36 |    56 ||    92
       Short sword       |    14 |    23 ||    37
  Use: Potion            |       |     3 ||     3
 Stab: Sleeping          |     2 |       ||     2
  Eat: Chunk             |     1 |     2 ||     3
Armor: Leather armour    |    21 |     2 ||    23
       Chain mail        |       |    36 ||    36
Dodge: Dodged            |    75 |    87 ||   162
